 Dungeon Crawl Stone Soup version 0.19-b1-4-gd8a0a2a (webtiles) character file.

144 tv1990 the Chopper (level 5, -20/42 HPs)
             Began as a Formicid Monk on Oct 30, 2016.
             Demolished by an ogre
             ... wielding a +0 giant club
              (21 damage)
             ... on level 4 of the Dungeon.
             The game lasted 00:06:16 (2529 turns).

tv1990 the Chopper (Formicid Monk)                  Turns: 2529, Time: 00:06:17

Health: -20/42     AC:  8    Str: 16    XL:     5   Next: 52%
Magic:  5/5        EV:  8    Int:  9    God:
Gold:   261        SH:  0    Dex: 14    Spells: 0 memorised, 4 levels left

rFire  . . .     SeeInvis +     a - +0 hand axe
rCold  . . .     Gourm    .     j - +0 chain mail
rNeg   . . .     Faith    .     (no shield)
rPois  .         Spirit   .     (helmet unavailable)
rElec  .         Reflect  .     (no cloak)
rCorr  .         Harm     .     (no gloves)
MR     .....                    (no boots)
Stlth  ..........               (no amulet)
                                (no ring)
                                (no ring)

@: very slightly contaminated, invisible
A: permanent stasis, dig shafts and tunnels, four strong arms, antennae 3
a: Dig, Shaft Self


You were on level 4 of the Dungeon.
You were hungry.

You visited 1 branch of the dungeon, and saw 4 of its levels.

You collected 261 gold pieces.

Inventory:

Hand Weapons
 a - a +0 hand axe (weapon)
 w - a +0 whip of freezing
Missiles
 f - 6 javelins of returning (quivered)
Armour
 b - a +0 robe
 j - a +0 chain mail (worn)
Scrolls
 d - 3 scrolls of identify {unknown}
 e - a scroll of noise {unknown}
 h - 2 scrolls of enchant armour {unknown}
 i - 2 scrolls of magic mapping {unknown}
 k - a scroll of enchant weapon {unknown}
 m - a scroll of fog {unknown}
 q - 4 scrolls of remove curse {unknown}
 v - 2 scrolls of immolation {unknown}
 x - a scroll of teleportation {unknown}
 y - a scroll of blinking {unknown}
Potions
 l - a potion of flight {unknown}
 n - 4 potions of curing {unknown}
 o - a potion of haste {unknown}
 r - 2 potions of degeneration {unknown}
 s - a potion of mutation {unknown}
 t - 2 potions of berserk rage {unknown}
 u - a potion of ambrosia {unknown}
Comestibles
 c - 3 bread rations
 p - a slice of pizza
 z - a beef jerky


   Skills:
 + Level 4.0 Fighting
 * Level 4.6 Axes
 + Level 2.3 Armour
 - Level 2.8 Dodging
 - Level 2.4 Stealth


You had 4 spell levels left.
You didn't know any spells.

Dungeon Overview and Level Annotations

Branches:
Dungeon (4/15)
 Temple: D:4-7

Altars:
Cheibriados
Elyvilon
Makhleb
Vehumet
The Shining One


Innate Abilities, Weirdness & Mutations

You are under a permanent stasis effect.
You can dig through walls and to a lower floor.
Your four strong arms can wield two-handed weapons with a shield.
You have a pair of large antennae on your head. (SInv)


Message History

The ogre hits you with a giant club!!
* * * LOW HITPOINT WARNING * * *
You hit the ogre.
The ogre is heavily wounded.
Your chain mail prevents you from hitting the ogre.
The ogre is heavily wounded.
The ogre hits you with a giant club.
* * * LOW HITPOINT WARNING * * *
Okay, then.
Found a scroll labeled LIEFOMOLIJ.
It was a potion of invisibility.
You fade into invisibility!
The ogre closely misses you.
You are very lightly contaminated with residual magic.
You strike the helpless ogre from behind!
You hit the ogre.
The ogre is heavily wounded.
The ogre hits you with a giant club!!
Ouch! That really hurt!
You die...

## #.#
#..##########
#.......$...#
#...%.@.....#
#....O......#
#...<.......#
#...........#
#...........#
#.........(...
#...........?.
#.............
#............


You could see an ogre.

Vanquished Creatures
  Robin (D:1)
  5 adders
  A worm (D:2)
  3 dart slugs
  4 leopard geckos
  2 orcs (D:3)
  A giant cockroach (D:2)
  11 goblins
  14 hobgoblins
  4 jackals (D:3)
  5 kobolds
  A quokka (D:3)
  A ball python (D:2)
  3 bats
  A frilled lizard (D:3)
  13 rats
  2 fungi (D:2)
72 creatures vanquished.

Vanquished Creatures (others)
  A worm (D:2)
  A goblin (D:1)
2 creatures vanquished.

Grand Total: 74 creatures vanquished

Notes
Turn   | Place    | Note
-------+----------+-------------------------------------------
     0 | D:1      | tv1990 the Formicid Monk began the quest for the Orb.
     0 | D:1      | Reached XP level 1. HP: 18/18 MP: 1/1
    87 | D:1      | Reached XP level 2. HP: 20/24 MP: 2/2
   510 | D:1      | Reached XP level 3. HP: 27/29 MP: 3/3
   513 | D:1      | Reached skill level 1 in Armour
  1071 | D:2      | Found a white marble altar of Elyvilon.
  1121 | D:2      | Noticed Robin
  1289 | D:2      | Reached XP level 4. HP: 33/35 MP: 4/4
  1338 | D:1      | Killed Robin
  1668 | D:2      | Reached XP level 5. HP: 37/42 MP: 5/5
  1719 | D:2      | Found a snail-covered altar of Cheibriados.
  1872 | D:2      | Found a radiant altar of Vehumet.
  1954 | D:3      | Found a glowing golden altar of the Shining One.
  2357 | D:3      | Found a burning altar of Makhleb.
  2517 | D:4      | Noticed an ogre
  2525 | D:4      | HP: 1/42 [ogre/giant club (5)]
  2529 | D:4      | Demolished by an ogre

Skill      XL: |  1  2  3  4  5 |
---------------+----------------+-----
Armour         | 1 2 |  2.3
Axes           | 4 |  4.6
Fighting       | 4 |  4.0
Dodging        | |  2.8
Stealth        | |  2.4

Action                   |  1- 3 |  4- 6 || total
-------------------------+-------+-------++-------
Melee: Hand axe          |   105 |   178 ||   283
 Abil: Dig               |     2 |       ||     2
  Use: Potion            |       |     1 ||     1
 Stab: Invisible         |       |     1 ||     1
  Eat: Chunk             |     2 |     3 ||     5
Armor: Robe              |     2 |       ||     2
       Chain mail        |    71 |    88 ||   159
Dodge: Dodged            |    45 |    67 ||   112

Table legend:
 A = Turns spent in this place as a percentage of turns spent in the entire game.
 B = Non-inter-level travel turns spent in this place as a percentage of non-inter-level travel turns spent in the entire game.
 C = Inter-level travel turns spent in this place as a percentage of turns spent in this place.
 D = Turns resting spent in this place as a percentage of non-inter-level travel turns spent in this place.
 E = Turns spent auto-exploring this place as a percentage of non-inter-level travel turns spent in this place.
 F = Non-inter-level travel turns spent in this place divided by the number of levels of this place that you've seen.
                   A       B       C       D       E      F
               +-------+-------+-------+-------+-------+----------------------
         Total | 100.0 | 100.0 |   0.6 |   1.6 |  18.6 | 169.5
       Dungeon | 100.0 | 100.0 |   0.6 |   1.6 |  18.6 | 169.5
               +-------+-------+-------+-------+-------+----------------------

Table legend:
 A = Kills in this place as a percentage of kills in entire the game.
 B = Kills by you in this place as a percentage of kills by you in the entire game.
 C = Kills by friends in this place as a percentage of kills by friends in the entire game.
 D = Other kills in this place as a percentage of other kills in the entire game.
 E = Experience gained in this place as a percentage of experience gained in the entire game.
 F = Experience gained in this place divided by the number of levels of this place that you have seen.
                   A       B       C       D       E      F
               +-------+-------+-------+-------+-------+----------------------
         Total | 100.0 | 100.0 |  -nan | 100.0 | 100.0 |  51.8
       Dungeon | 100.0 | 100.0 |  -nan | 100.0 | 100.0 |  51.8
               +-------+-------+-------+-------+-------+----------------------

Vault maps used:
D:1:      dpeg_arrival_connections, hex_intersection
D:2:      fiery_altar_vehumet, marbit_many_paths, minmay_gold_behind_fungi,
          minmay_misc_feat_nine_boxes, elyvilon_altar_5, uniq_robin
D:3:      nicolae_overflow_crystal_walls, bloody_makhleb
D:4:      nicolae_overflow_hidden_temple, first_bread, roderic_serpentine_path,
          minmay_vboxes
